 Dungeon Crawl Stone Soup version 0.31-a0-188-g5e087ee2ca (webtiles) character file.

Game seed: 14903690877488236797

457 qw the Skirmisher (level 6, -7/35 HPs)
             Began as a Deep Elf Hunter on June 22, 2023.
             Mangled by a gnoll
             ... wielding a +0 spear
             ... led by a gnoll bouda
              (9 damage)
             ... on level 5 of the Dungeon.
             The game lasted 00:01:12 (3669 turns).

qw the Skirmisher (Deep Elf Hunter)                 Turns: 3669, Time: 00:01:12

Health: -7/35      AC:  5    Str: 10    XL:     6   Next: 77%
Magic:  8/8        EV: 13    Int: 14    God:
Gold:   205        SH:  0    Dex: 18    Spells: 5/5 levels left

rFire   . . .        Y - +0 shortbow
rCold   + . .        (shield currently unavailable)
rNeg    . . .        a - +2 leather armour {rC+}
rPois   .            (no helmet)
rElec   .            (no cloak)
rCorr   .            (no gloves)
SInv    .            (no boots)
Will    .....        j - amulet of the acrobat
Stlth   ++           (no ring)
HPRegen 0.25/turn    (no ring)
MPRegen 0.11/turn

%: acrobat
@: weakened
A: no striking features
a: no special abilities


You were on level 5 of the Dungeon.
You visited 2 branches of the dungeon, and saw 6 of its levels.

You collected 205 gold pieces.


   Skills:
 - Level 2.0 Fighting
 - Level 10.2 Ranged Weapons
 + Level 3.3 Dodging
 - Level 1.2 Stealth


You had 5 spell levels left.
You didn't know any spells.
Your spell library was empty.

Inventory:

Hand Weapons
 Y - a +0 shortbow (weapon)
Armour
 a - a +2 leather armour of cold resistance (worn)
 e - a +0 ring mail
Jewellery
 i - a ring of fire
 j - an amulet of the acrobat (around neck)
Scrolls
 g - 2 scrolls of identify
 l - a scroll of vulnerability {unknown}
 m - a scroll of revelation {unknown}
 n - a scroll of enchant armour {unknown}
Potions
 b - a potion of lignification {unknown}
 c - a potion of haste {unknown}
 d - 7 potions of curing
 f - a potion of might {unknown}
 h - a potion of brilliance {unknown}
 k - a potion of mutation {unknown}

Dungeon Overview and Level Annotations

Branches:
Dungeon (5/15)             Temple (1/1) D:4

Altars:
Dithmenos
Fedhas
Hepliaklqana
Kikubaaqudgha
Makhleb
Qazlal
Ru
Trog
Uskayaw
Wu Jian
Xom
Zin


Message History

The gnoll shouts!
The arrow hits the gnoll!
The gnoll is severely wounded.
The gnoll bouda gazes fiercely through you!
You feel your attacks grow feeble. The gnoll barely misses you.
You shoot an arrow. The arrow hits the gnoll!
You kill the gnoll!
The gnoll hits you with a +0 flail.
You shoot an arrow. The arrow hits the gnoll.
You kill the gnoll!
The gnoll hits you with a +0 flail.
You shoot an arrow. The arrow hits the gnoll bouda!
The gnoll bouda is heavily wounded.
The gnoll hits you with a +0 flail.
The gnoll bouda gazes fiercely through you!
You feel as though you will be weak longer.
The gnoll bouda hits you with a +0 whip.
You shoot an arrow. The arrow hits the gnoll bouda.
The gnoll bouda is severely wounded.
The gnoll barely misses you. The gnoll hits you with a +0 flail!
The gnoll bouda barks out a call to the hunt!
The gnolls pick up the pace!
You shoot an arrow.
The arrow barely misses the gnoll bouda.
The gnoll closely misses you. The gnoll bouda closely misses you.
The gnoll hits you with a +0 flail!
You shoot an arrow.
The arrow hits the gnoll bouda but does no damage.
The gnoll bouda is severely wounded.
The gnoll hits you with a +0 club.
You shoot an arrow.
The arrow closely misses the gnoll bouda.
The gnoll hits you from afar with a +0 spear.
The gnoll closely misses you. The gnoll bouda barely misses you.
The gnoll hits you but does no damage.
You shoot an arrow. The arrow hits the gnoll bouda!
You kill the gnoll bouda!
The gnoll hits you from afar with a +0 spear!
You die...

#.............................
#.......>..(..................
#........................###..
#...............[........# ###
#........................#
#........................#
#........................#
#....)...................#
#............@...........#
#...........)gg..........#
#...........g........ ##
#.................... #.
#................$... #.
#..........w......... #.
#........................ #.
................... #.
.......## #.


You could see a worm and 3 gnolls.

Vanquished Creatures
  A black bear (D:5)
  A scorpion (D:5)
  A gnoll bouda (D:5)
  Natasha (thrice) (D:3)
  12 adders
  6 gnolls
  A white imp (D:5)
  A dart slug (D:1)
  An orc (D:5)
  7 ball pythons
  3 bats
  4 endoplasms
  5 giant cockroaches
  6 goblins
  6 hobgoblins
  2 quokkas
  7 kobolds
  5 rats
  A spectral hobgoblin (D:3)
  A butterfly (D:5)
74 creatures vanquished.

Vanquished Creatures (others)
  A goblin (D:1)
1 creature vanquished.

Grand Total: 75 creatures vanquished

Notes
Turn   | Place    | Note
-------+----------+-------------------------------------------
     0 | D:1      | qw the Deep Elf Hunter began the quest for the Orb.
     0 | D:1      | Reached XP level 1. HP: 12/12 MP: 3/3
     0 | D:1      | 0 ||| qw: Version: 0.3-a-9-g12657ce
     0 | D:1      | 0 ||| qw: Game counter: 2826
     0 | D:1      | 0 ||| qw: Always use a shield: true
     0 | D:1      | 0 ||| qw: God list: Okawaru
     0 | D:1      | 0 ||| qw: Allow faded altars: false
     0 | D:1      | 0 ||| qw: Do Orc after D:15 true
     0 | D:1      | 0 ||| qw: Do second Lair branch before Depths: true
     0 | D:1      | 0 ||| qw: Lair rune preference: random
     0 | D:1      | 0 ||| qw: Plans: Normal
     0 | D:1      | 0 ||| PLANNING D:1-11
   204 | D:1      | Reached XP level 2. HP: 15/16 MP: 4/4
   295 | D:1      | Reached skill level 6 in Ranged Weapons
   718 | D:1      | 718 ||| READING scroll labelled PUNKOWUOQI.
   719 | D:1      | 719 ||| READING 2 scrolls labelled XESECHADOA.
   720 | D:1      | 720 ||| DRINKING 2 orange potions.
   721 | D:1      | 721 ||| DROPPING scroll of butterflies.
   793 | D:2      | Reached XP level 3. HP: 20/20 MP: 5/5
   803 | D:2      | Reached skill level 7 in Ranged Weapons
  1009 | D:2      | Reached XP level 4. HP: 19/25 MP: 6/6
  1268 | D:2      | Reached skill level 8 in Ranged Weapons
  1446 | D:2      | 1446 ||| UPGRADING to +2 leather armour of cold resistance.
  1456 | D:2      | 1456 ||| DROPPING +0 leather armour.
  1457 | D:2      | 1457 ||| UPGRADING to amulet of the acrobat.
  1462 | D:2      | 1462 ||| DROPPING ring of wizardry.
  1463 | D:2      | 1463 ||| READING scroll labelled IBLAXU ROQIM GOC.
  1464 | D:2      | 1464 ||| READING scroll labelled CEDIARAYJY.
  1465 | D:2      | 1465 ||| READING scroll labelled CYJEON SUYRENE.
  1511 | D:2      | 1511 ||| READING 2 scrolls of identify.
  1511 | D:2      | 1511 ||| IDENTIFYING glowing black potion
  1512 | D:2      | 1512 ||| DROPPING potion of degeneration.
  1572 | D:3      | Noticed Natasha
  1578 | D:3      | Killed Natasha
  1835 | D:3      | Reached XP level 5. HP: 29/29 MP: 7/7
  1845 | D:3      | Noticed Natasha
  1852 | D:3      | Killed Natasha
  1871 | D:3      | Noticed Natasha
  1877 | D:3      | Killed Natasha
  1961 | D:3      | Reached skill level 9 in Ranged Weapons
  2268 | D:3      | Found a hazy altar of Hepliaklqana.
  2346 | D:3      | 2346 ||| DROPPING ring of magical power.
  2347 | D:3      | 2347 ||| READING scroll labelled QUREISMUQAA.
  2436 | D:4      | Found a glowing silver altar of Zin.
  2462 | D:4      | 2462 ||| Stepping ~*~*~tactically~*~*~ (outnumbered).
  2468 | D:4      | Reached skill level 3 in Dodging
  2471 | D:4      | HP: 5/29 [gnoll/+0 spear (8)]
  2698 | D:4      | Found a staircase to the Ecumenical Temple.
  2699 | D:4      | 2699 ||| PLANNING TEMPLE
  2699 | D:4      | 2699 ||| DROPPING +6 ring of intelligence.
  2706 | Temple   | Entered the Ecumenical Temple
  2857 | Temple   | 2857 ||| PLANNING D:1-11
  2987 | D:4      | Found a sacrificial altar of Ru.
  2989 | D:4      | Found a hide-covered altar of Uskayaw.
  2991 | D:4      | Found a stormy altar of Qazlal.
  3327 | D:4      | Reached XP level 6. HP: 35/35 MP: 8/8
  3420 | D:5      | Entered Level 5 of the Dungeon
  3420 | D:5      | Found a shimmering altar of Xom.
  3624 | D:5      | Reached skill level 10 in Ranged Weapons
  3666 | D:5      | HP: 5/35 [gnoll/+0 flail[a gnoll bouda] (10)]
  3668 | D:5      | HP: 1/35 [gnoll/+0 spear[a gnoll bouda] (3)]
  3669 | D:5      | Mangled by a gnoll

Levels and vault maps discovered:
D:1:      sevenhm_arrival_forest_fort_small_3, layout_basic,
          hangedman_decor_peaks_small, hex_tiny, lemuel_flame_loot_1
D:2:      layout_loops_ring
D:3:      layout_loops_ring, nicolae_hepliaklqana_monster_ancestors,
          kennysheep_crisscross, uniq_natasha
D:4:      layout_layer_cave, grunt_temple_overflow_open,
          mainiacjoe_overflow_small_starburst, minmay_temple_entry_arrows
D:5:      layout_basic, xom_butterflies, uniq_sigmund
Temple:   nicolae_temple_bog_church

Skill      XL: |  1  2  3  4  5  6 |
---------------+-------------------+-----
Ranged Weapons | 6 7 8 9 10 | 10.2
Dodging        | 3 |  3.3
Fighting       | 2 |  2.0
Stealth        | |  1.2

Action                     |  1- 3 |  4- 6 || total
---------------------------+-------+-------++-------
   Fire: Shortbow          |    81 |   168 ||   249
    Use: Scroll            |     2 |     5 ||     7
         Potion            |     1 |       ||     1
 Armour: Leather armour    |     7 |     8 ||    15
  Dodge: Dodged            |    13 |    27 ||    40

Table legend:
 A = Non-vault XP
 B = Vault XP
 C = Vault XP percentage of total XP
 D = Non-vault monster count
 E = Vault monster count
 F = Vault count percentage of total count
                 A         B        C        D         E       F
            +---------+---------+-------+---------+---------+-------
      Total |     657 |      38 |   5.5 |      70 |       3 |   4.1
            +---------+---------+-------+---------+---------+-------
        D:1 |      23 |       0 |   0.0 |      12 |       0 |   0.0
        D:2 |     129 |       0 |   0.0 |      22 |       0 |   0.0
        D:3 |      91 |      38 |  29.5 |      14 |       3 |  17.6
        D:4 |     106 |       0 |   0.0 |      14 |       0 |   0.0
        D:5 |     308 |       0 |   0.0 |       8 |       0 |   0.0
            +---------+---------+-------+---------+---------+-------
